Cogmind - Beta 14 @@@ ROGUE MODE // 2024.11.18 @ 22:40:17 Player: Nika Jay Result: Destroyed by B-75 Beast with Heavy Machine Gun Performance ------------- Evolutions (5) 2500 Regions Visited (10) 2000 Robots Destroyed (131) 655 Value Destroyed (3718) 3718 Prototype IDs (10) 200 Alien Tech Used (0) 0 Bonus (774) 774 TOTAL SCORE: 9847 Bonus ------- High Alert Combat Kills 67 Follower Combat Kills 440 Registered with UFD 300 Friendly Fire -33 Cogmind --------- Core Integrity 0/1000 Matter 300/300 Energy 99/100 System Corruption 13% Temperature Cool (24) Movement Core (50) Location -5/Extension Parts ------- > --- POWER (1) -------- (None) > --- PROPULSION (2) --- (None) > --- UTILITY (12) ----- Enhanced Optical Array Improved Signal Interpreter System Shield > --- WEAPON (2) ------- (None) > --- INVENTORY (5) ---- Compact Wheel Compact Wheel Hardlight Generator Compact Ion Cannon Companion Sword Peak State ------------ > --- POWER ------------ Improved Deuterium Engine > --- PROPULSION ------- Armored Wheel Armored Wheel > --- UTILITY ---------- Scrap Suit Huge Storage Unit Enhanced Optical Array Improved Signal Interpreter Transmission Jammer Improved Medium Armor Plating Improved Focal Shield Improved Hardlight Generator Hacking Suite System Shield Drone Bay > --- WEAPON ----------- Advanced Plasma Cannon Companion Sword > --- INVENTORY -------- Heavy Ion Engine Heavy Ion Engine Micro Fission Core Compact Wheel Compact Wheel Compact Wheel Armored Huge Wheel Scrap Suit Improved Heat Sink Experimental Heat Sink Advanced Cooling System Improved Sensor Array Improved Sensor Array Improved Signal Interpreter Improved Signal Interpreter Hardlight Generator Hardlight Generator Improved Hardlight Generator Heavy Particle Cannon Heavy Particle Cannon Heavy Particle Cannon Compact Ion Cannon Mini Grenade Launcher [Rating: 75] Favorites ----------- Power Improved Deuterium Engine Engine Improved Deuterium Engine Power Core Light Nuclear Core Propulsion Armored Huge Wheel Leg Light Armored Exoskeleton Wheel Armored Huge Wheel Flight Unit Field Propulsion Drive Utility Huge Storage Unit Device Improved Heat Sink Storage Huge Storage Unit Processor Improved Signal Interpreter Hackware System Shield Protection Improved Medium Armor Plating Weapon Heavy Particle Cannon Energy Gun Advanced Beam Rifle Energy Cannon Heavy Particle Cannon Ballistic Gun Gauss Rifle Launcher Mini Grenade Launcher Slashing Weapon Companion Sword Build | -11 -10 -10 -9 -8 -7 -7 -7 -7 -5 -5 ------- Run | Yrd Mat Min Mat Mat Fac Sto Rec Scr Fac Ext Slots Evolved 10 | . . . 2 2 2 . . . 4 . Power . | . . . . . . . . . . . Propulsion . | . . . . . . . . . . . Utility 10 | . . . 2 2 2 . . . 4 . Weapon . | . . . . . . . . . . . Parts Attached 183 | 8 3 . 21 39 24 34 2 13 30 9 Power 16 | 1 . . 3 6 . 1 1 . 3 1 Engine 13 | 1 . . 3 5 . 1 1 . 2 . Core 3 | . . . . 1 . . . . 1 1 Reactor . | . . . . . . . . . . . Propulsion 26 | 2 . . 4 5 1 2 1 2 6 3 Treads . | . . . . . . . . . . . Leg 1 | . . . . . . 1 . . . . Wheel 23 | 2 . . 4 5 1 1 1 1 5 3 Hover . | . . . . . . . . . . . Flight 2 | . . . . . . . . 1 1 . Utility 102 | 3 3 . 8 22 18 20 . 8 16 4 Device 71 | 2 . . 6 14 13 13 . 6 14 3 Storage 5 | 1 3 . . 1 . . . . . . Processor 3 | . . . . 2 . . . . 1 . Hackware 5 | . . . . 1 1 1 . 1 . 1 Protection 18 | . . . 2 4 4 6 . 1 1 . Artifact . | . . . . . . . . . . . Weapon 39 | 2 . . 6 6 5 11 . 3 5 1 Energy Gun 14 | 1 . . 1 3 2 7 . . . . Energy Cannon 8 | . . . . . . 3 . 1 4 . Ballistic Gun 12 | 1 . . 5 3 2 1 . . . . Ballistic Cannon . | . . . . . . . . . . . Launcher 1 | . . . . . . . . . . 1 Special Weapon . | . . . . . . . . . . . Impact Weapon . | . . . . . . . . . . . Slashing Weapon 4 | . . . . . 1 . . 2 1 . Piercing Weapon . | . . . . . . . . . . . Special Melee Weapon . | . . . . . . . . . . . Unidentified Prototypes 10 | . . . 1 1 1 5 . 1 1 . Parts Lost 46 | . . . 5 17 1 4 . . 8 11 Power 3 | . . . . 2 . . . . . 1 Propulsion 11 | . . . 2 4 . . . . 2 3 Utility 28 | . . . 2 9 . 4 . . 6 7 Weapon 4 | . . . 1 2 1 . . . . . Highest Loss Streak 11 | . . . 4 11 1 2 . . 5 8 To Critical Strikes . | . . . . . . . . . . . Average Slot Usage (%) 89 | . 100 100 96 89 92 91 91 89 84 71 Engine 6 | . 14 14 11 7 7 7 7 7 5 2 Wheel 10 | . 28 28 21 16 8 6 6 6 10 9 Device 27 | . 14 14 28 26 28 31 30 24 26 21 Storage 7 | . 14 14 11 9 7 7 7 7 5 4 Processor 6 | . . . . 5 7 7 7 7 10 11 Hackware 6 | . . . . . 6 2 7 13 11 12 Protection 6 | . . . 1 3 8 10 7 6 3 . Energy Gun 3 | . 14 14 7 7 7 4 . . . . Energy Cannon 3 | . . . . . . 4 15 7 . . Ballistic Gun 4 | . 14 14 13 10 7 4 . . . . Slashing Weapon 1 | . . . . . . . . 5 5 4 Peak Build Rating 75 | 9 9 10 15 32 53 57 50 55 75 62 Average Rating 45 | 5 9 9 12 24 50 52 49 49 64 52 On Entrance 30 | . 9 9 10 14 32 53 50 49 49 55 Naked Turns . | . . . . . . . . . . . Heaviest Build 178 | 14 89 89 99 178 178 120 114 113 122 112 Greatest Support 32 | 32 32 32 32 32 28 30 28 28 28 28 Greatest Overweight (x) 37 | . 2 2 5 6 6 4 4 37 5 8 Average Overweight (x) 3 | . . 2 2 3 3 3 4 3 4 2 Largest Inventory Capacity 25 | 8 25 25 25 25 25 25 25 25 25 25 Average Capacity 24 | 7 16 25 25 25 25 25 25 25 25 22 Most Carried 25 | 8 9 10 19 25 25 25 25 25 25 24 Average Carried 22 | 2 7 9 13 19 24 24 25 24 23 19 Final Capacity 25 | 8 25 25 25 25 25 25 25 25 25 5 Final Carried 25 | 7 8 10 18 24 25 25 25 25 22 5 Class Distribution -------------------- 32% | Commander-Mutant 31% | Mutant 17% | Scavenger-Mutant 8% | Hacker-Assassin 5% | Hacker-Mutant 3% | Commander-Assassin Dominant Class ---------------- Mutant | -10/Materials Mutant | -10/Mines Scavenger-Mutant | -9/Materials Scavenger-Mutant | -8/Materials Mutant | -7/Factory Mutant | -7/Storage Commander-Mutant | -7/Recycling Commander-Mutant | -7/Scraptown Hacker-Assassin | -5/Factory Hacker-Assassin | -5/Extension Resources | -11 -10 -10 -9 -8 -7 -7 -7 -7 -5 -5 ----------- Run | Yrd Mat Min Mat Mat Fac Sto Rec Scr Fac Ext Matter Collected 3301 | 292 33 1 418 730 519 768 37 129 275 99 Remotely . | . . . . . . . . . . . Salvage Created 5856 | 189 52 . 771 1382 1218 1402 146 . 478 218 Parts 284 | 13 2 . 46 61 53 63 6 . 33 7 Haulers Intercepted 4 | . . . . 1 1 2 . . . . Recyclers Shooed 13 | 1 1 . 1 5 1 3 . . 1 . Parts Field Recycled . | . . . . . . . . . . . Retrieved Matter . | . . . . . . . . . . . Parts Self-Destructed . | . . . . . . . . . . . Prevented . | . . . . . . . . . . . Kills | -11 -10 -10 -9 -8 -7 -7 -7 -7 -5 -5 ------- Run | Yrd Mat Min Mat Mat Fac Sto Rec Scr Fac Ext Combat Hostiles Destroyed 75 | . . . 20 21 8 18 . . 7 1 Melee 8 | . . . . . . . . . 7 1 Guns 66 | . . . 20 21 8 17 . . . . Classes Destroyed 14 | 2 . . 7 3 1 . . . 1 . Worker 9 | . . . 1 . 4 2 . . 2 . Builder 2 | . . . 1 . . 1 . . . . Tunneler 5 | 4 . . . 1 . . . . . . Hauler 4 | . . . . 1 1 2 . . . . Recycler 22 | 1 1 . 1 3 8 5 2 . . 1 Operator 5 | . . . . 2 . 2 . . . 1 Watcher 9 | . . . . 4 2 2 . . 1 . Swarmer 18 | . . . 9 3 . 6 . . . . Grunt 29 | . . . 6 16 4 3 . . . . Brawler 1 | . . . 1 . . . . . . . Duelist 1 | . . . 1 . . . . . . . Sentry 15 | . . . 3 2 1 7 . . 1 1 Hunter 1 | . . . . . . . . . 1 . Programmer 10 | . . . . . 3 2 . . 5 . Best Kill Streak 8 | 5 1 . 6 4 6 8 1 . 2 2 Combat Bots Only 6 | . . . 6 4 2 6 . . 2 1 Max Kills in Single Turn 2 | 1 1 . 1 1 1 2 1 . 1 1 Gunslinging . | . . . . . . . . . . . Exploded . | . . . . . . . . . . . Melee 1 | . . . . . . . . . 1 1 Uniques/NPCs Destroyed . | . . . . . . . . . . . Combat | -11 -10 -10 -9 -8 -7 -7 -7 -7 -5 -5 -------- Run | Yrd Mat Min Mat Mat Fac Sto Rec Scr Fac Ext Hostile Shots Fired 749 | . . 2 97 140 65 224 18 . 101 102 Missed 220 | . . . 21 29 26 82 7 . 26 29 Damage Taken 7688 | . . 101 866 1717 504 1363 88 . 1534 1515 Core 1922 | . . 42 171 449 89 142 21 . 188 820 Absorbed by Shields 186 | . . . . . . . . . 114 72 Redirected to Shielding 205 | . . . . 205 . . . . . . Regen/Repaired (Parts) 100 | . . . . . . 80 . . 10 10 Core Remaining (%) 64 | 100 . 83 57 18 . . . 64 . . Volleys Fired 473 | 12 4 . 66 164 62 81 3 . 81 . Largest 2 | 2 2 . 2 2 2 2 2 . 1 . Hottest 150 | 70 70 . 79 89 97 150 150 . 98 . Shots Fired 864 | 24 8 . 132 323 125 164 7 . 81 . Gun 769 | 24 8 . 132 323 125 157 . . . . Cannon 95 | . . . . . . 7 7 . 81 . Launcher . | . . . . . . . . . . . Special . | . . . . . . . . . . . Kinetic 431 | 12 4 . 83 188 62 82 . . . . Thermal 433 | 12 4 . 49 135 63 82 7 . 81 . Explosive . | . . . . . . . . . . . Electromagnetic . | . . . . . . . . . . . Robot Hit Streak 31 | 5 6 . 11 31 9 20 5 . . . Robot Miss Streak 8 | 3 1 . 3 5 6 8 1 . . . Penetration Max 1 | . . . . . 1 . . . . . Secondary Targets 4 | . . . . 2 . 2 . . . . Max Gunslinging Chain 1 | . . . . 1 . 1 . . . . Shots Hit Robots 585 | 14 6 . 85 222 78 118 5 . 42 15 Core Hits 241 | 8 2 . 34 72 34 72 2 . 13 4 Critical Kills 1 | . . . . . 1 . . . . . Critical Parts Destroyed 2 | . . . . 1 1 . . . . . Critical Strikes 16 | 1 . . 1 4 4 6 . . . . Burn 13 | 1 . . 1 3 2 6 . . . . Destroy 3 | . . . . 1 2 . . . . . Melee Attacks 86 | . . . . . . . . . 67 19 Impact . | . . . . . . . . . . . Slashing 86 | . . . . . . . . . 67 19 Piercing . | . . . . . . . . . . . Sneak Attacks 6 | . . . . . . . . . 4 2 Combat Hostiles . | . . . . . . . . . . . Follow-up Attacks . | . . . . . . . . . . . Damage Inflicted 11399 | 149 63 . 1183 3182 1691 2456 125 . 1883 667 Guns 8624 | 149 63 . 1183 3182 1691 2356 . . . . Cannons 225 | . . . . . . 100 125 . . . Explosions . | . . . . . . . . . . . Melee 2550 | . . . . . . . . . 1883 667 Ramming . | . . . . . . . . . . . Kinetic 4562 | 50 26 . 736 1710 864 1176 . . . . Thermal 4287 | 99 37 . 447 1472 827 1280 125 . . . Explosive . | . . . . . . . . . . . Electromagnetic . | . . . . . . . . . . . Impact . | . . . . . . . . . . . Slashing 2550 | . . . . . . . . . 1883 667 Piercing . | . . . . . . . . . . . Highest Corruption 13 | . . . . . 2 4 4 . 13 13 Average Corruption 4 | . . . . . 1 3 4 . 9 13 Corruption Purged . | . . . . . . . . . . . Corruption Blocked . | . . . . . . . . . . . Effects 137 | . . . . . 11 54 21 . 38 13 Message Errors 29 | . . . . . 1 15 1 . 11 1 Matter Fused 26 | . . . . . 2 12 3 . 4 5 Heat Flow Errors 17 | . . . . . . 4 5 . 6 2 Energy Discharges 31 | . . . . . 4 10 3 . 10 4 Parts Rejected 2 | . . . . . . . 1 . 1 . Parts Fused 2 | . . . . . . . 2 . . . Data Loss (minor) 13 | . . . . . 2 4 4 . 2 1 Data Loss (major) 2 | . . . . . . 1 . . 1 . Misfires 7 | . . . . . 1 4 1 . 1 . Alerts 6 | . . . . . 1 3 1 . 1 . Weapon Failures 2 | . . . . . . 1 . . 1 . Overload Shots . | . . . . . . . . . . . Overflow Damage 274 | . . . . . . . . . 253 21 Projectiles . | . . . . . . . . . . . Explosions . | . . . . . . . . . . . Melee 274 | . . . . . . . . . 253 21 Knockbacks . | . . . . . . . . . . . Impact . | . . . . . . . . . . . Kinetic . | . . . . . . . . . . . Secondary . | . . . . . . . . . . . Self-Inflicted Damage . | . . . . . . . . . . . Shots . | . . . . . . . . . . . Rammed . | . . . . . . . . . . . Targets Rammed . | . . . . . . . . . . . Kicked . | . . . . . . . . . . . Crushed . | . . . . . . . . . . . Highest Temperature 415 | 110 70 . 37 98 22 415 229 . 290 246 Average Temperature 44 | 44 30 . 15 23 5 31 86 . 82 113 Received Heat Transfer 1933 | . . . 198 945 180 279 30 . 106 195 Siege Activations . | . . . . . . . . . . . Robots Corrupted . | . . . . . . . . . . . Combat Hostiles . | . . . . . . . . . . . Parts Fried . | . . . . . . . . . . . Impact Corruptions . | . . . . . . . . . . . Robots Melted 1 | . . . . . . 1 . . . . Combat Hostiles 1 | . . . . . . 1 . . . . Parts Melted 24 | 2 . . 1 6 3 10 1 . 1 . Heat Transferred 9694 | 370 111 . 1221 3441 1665 2701 185 . . . Parts Sabotaged . | . . . . . . . . . . . Parts Stolen . | . . . . . . . . . . . Parts Stripped . | . . . . . . . . . . . Power Chain Reactions . | . . . . . . . . . . . Alert | -11 -10 -10 -9 -8 -7 -7 -7 -7 -5 -5 ------- Run | Yrd Mat Min Mat Mat Fac Sto Rec Scr Fac Ext Peak Influence 871 | 25 27 10 476 378 258 871 382 . 135 65 Initial 332 | . 16 10 3 200 91 73 332 . . 2 Average 196 | 11 22 10 207 180 139 427 278 . 29 16 Maximum Alert Level 3 | . . . 2 1 1 3 1 . . . Low Security (%) 66 | 100 100 100 52 58 79 44 18 . 100 100 Level 1 21 | . . . 36 41 20 6 81 . . . Level 2 4 | . . . 11 . . 16 . . . . Level 3 7 | . . . . . . 32 . . . . Level 4 . | . . . . . . . . . . . Level 5 . | . . . . . . . . . . . High Security . | . . . . . . . . . . . Max Security . | . . . . . . . . . . . Squads Dispatched 21 | . 1 . 1 3 4 7 . . 4 1 Investigation 5 | . . . . 1 1 2 . . . 1 Extermination 11 | . . . . . 3 5 . . 3 . Reinforcement 5 | . 1 . 1 2 . . . . 1 . Assault . | . . . . . . . . . . . Garrison . | . . . . . . . . . . . Intercept . | . . . . . . . . . . . Searches Triggered . | . . . . . . . . . . . Construction Impeded . | . . . . . . . . . . . Haulers Reinforced . | . . . . . . . . . . . Active Scanning Responses . | . . . . . . . . . . . Cargo Convoy Interrupts . | . . . . . . . . . . . Stealth | -11 -10 -10 -9 -8 -7 -7 -7 -7 -5 -5 --------- Run | Yrd Mat Min Mat Mat Fac Sto Rec Scr Fac Ext Distress Signals 8 | . . . 4 1 2 . . . 1 . Communications Jammed 81 | . . . . 35 6 4 . . 36 . Distress Signals 75 | . . . . 32 6 1 . . 36 . Times Spotted 159 | . 1 2 34 39 19 28 2 . 17 17 Peak Tracking Total 13 | . 1 2 5 7 3 4 1 . 5 13 Tactical Retreats 21 | . . . 5 6 3 3 . . 3 1 Traps | -11 -10 -10 -9 -8 -7 -7 -7 -7 -5 -5 ------- Run | Yrd Mat Min Mat Mat Fac Sto Rec Scr Fac Ext Traps Triggered 12 | . . . . 3 . 1 . . 3 5 Indirectly . | . . . . . . . . . . . Trap Hack Attempts . | . . . . . . . . . . . Triggered . | . . . . . . . . . . . Disarmed . | . . . . . . . . . . . Reprogrammed . | . . . . . . . . . . . Reused . | . . . . . . . . . . . Traps Extracted . | . . . . . . . . . . . Installed . | . . . . . . . . . . . Triggered . | . . . . . . . . . . . Machines | -11 -10 -10 -9 -8 -7 -7 -7 -7 -5 -5 ---------- Run | Yrd Mat Min Mat Mat Fac Sto Rec Scr Fac Ext Machines Disabled 5 | . . . 1 1 . 2 . . . 1 Max in Single Turn 1 | . . . 1 1 . 1 . . . . Garrison Access 2 | . . . . . 1 1 . . . . Machines Repaired . | . . . . . . . . . . . Machines Dismantled . | . . . . . . . . . . . Machines Sabotaged . | . . . . . . . . . . . Overloaded Fab Kills . | . . . . . . . . . . . Hacking | -11 -10 -10 -9 -8 -7 -7 -7 -7 -5 -5 --------- Run | Yrd Mat Min Mat Mat Fac Sto Rec Scr Fac Ext Machines Accessed 43 | . 2 . 1 5 5 15 8 2 3 2 Terminals 30 | . 2 . 1 4 3 11 6 . 1 2 Fabricators . | . . . . . . . . . . . Repair Stations 4 | . . . . . 1 2 . . 1 . Recycling Units 4 | . . . . 1 . 1 2 . . . Scanalyzers . | . . . . . . . . . . . Garrison Access 3 | . . . . . 1 1 . . 1 . Total Hacks 110 | . 6 . 2 19 7 38 21 7 5 5 Successful 57 | . 1 . 1 15 2 21 6 7 2 2 Failed 53 | . 5 . 1 4 5 17 15 . 3 3 Catastrophic 11 | . . . . . . 5 5 . 1 . Database Lockouts . | . . . . . . . . . . . Manual 77 | . 6 . . 16 5 27 20 . 1 2 Terminals 70 | . 6 . 2 14 5 26 11 . 1 5 Fabricators . | . . . . . . . . . . . Repair Stations 8 | . . . . . 1 4 . . 3 . Recycling Units 21 | . . . . 5 . 6 10 . . . Scanalyzers . | . . . . . . . . . . . Garrison Access 4 | . . . . . 1 2 . . 1 . Terminal Hacks 20 | . 1 . 1 4 . 4 1 7 1 1 Record 3 | . . . . . . 2 . 1 . . Robot Analysis 5 | . . . . . . . . 5 . . Open Door 4 | . . . . . . 2 . 1 . 1 Open DSF 1 | . . . . . . . . . 1 . Level Access Points 1 | . . . . 1 . . . . . . Branch Access Points 1 | . . . . 1 . . . . . . Terminal Index 4 | . 1 . 1 1 . . 1 . . . Unreport Threat 1 | . . . . 1 . . . . . . Fabricator Hacks . | . . . . . . . . . . . Repair Station Hacks 3 | . . . . . . 2 . . 1 . Scan Component 2 | . . . . . . 1 . . 1 . Repair 1 | . . . . . . 1 . . . . Recycling Unit Hacks 4 | . . . . 2 . 2 . . . . Report Inventory 2 | . . . . 1 . 1 . . . . Retrieve Components 2 | . . . . 1 . 1 . . . . Scanalyzer . | . . . . . . . . . . . Garrison Access Hacks . | . . . . . . . . . . . Unauthorized Hacks 30 | . . . . 9 2 13 5 . . 1 Terminals 19 | . . . . 6 1 9 2 . . 1 Assimilate 1 | . . . . . . . . . . 1 Botnet 9 | . . . . 3 1 3 2 . . . Skim 9 | . . . . 3 . 6 . . . . Fabricators . | . . . . . . . . . . . Repair Stations . | . . . . . . . . . . . Recycling Units 9 | . . . . 3 . 3 3 . . . Reject 4 | . . . . 1 . 1 2 . . . Recyclers 2 | . . . . 1 . 1 . . . . Mask 3 | . . . . 1 . 1 1 . . . Scanalyzers . | . . . . . . . . . . . Garrison Access 2 | . . . . . 1 1 . . . . Jam 2 | . . . . . 1 1 . . . . Data Cores Recovered 2 | . . . . . . 2 . . . . Used 2 | . . . . . . 2 . . . . Hacking Detections 35 | . 2 . 1 4 4 12 8 . 2 2 Full Trace Events 1 | . . . . . . 1 . . . . Feedback Events . | . . . . . . . . . . . Feedback Blocked . | . . . . . . . . . . . Robot Schematics Acquired . | . . . . . . . . . . . Robots Built . | . . . . . . . . . . . Authchips . | . . . . . . . . . . . Time . | . . . . . . . . . . . Total Robot Build Rating . | . . . . . . . . . . . Part Schematics Acquired . | . . . . . . . . . . . Parts Built . | . . . . . . . . . . . Authchips . | . . . . . . . . . . . Time . | . . . . . . . . . . . Total Part Build Rating . | . . . . . . . . . . . Parts Repaired 1 | . . . . . . 1 . . . . Time 16 | . . . . . . 16 . . . . Parts Recycled . | . . . . . . . . . . . Recycled Matter . | . . . . . . . . . . . Retrieved Matter . | . . . . . . . . . . . Retrieved Components 19 | . . . . 10 . 9 . . . . Parts Scanalyzed . | . . . . . . . . . . . Part Schematics Acquired . | . . . . . . . . . . . Parts Damaged . | . . . . . . . . . . . Bothacking | -11 -10 -10 -9 -8 -7 -7 -7 -7 -5 -5 ------------ Run | Yrd Mat Min Mat Mat Fac Sto Rec Scr Fac Ext Used RIF Installer . | . . . . . . . . . . . Robots Hacked . | . . . . . . . . . . . Non-combat . | . . . . . . . . . . . Combat . | . . . . . . . . . . . Robot Hacks Applied . | . . . . . . . . . . . Relay Couplers Released . | . . . . . . . . . . . Fabnet Peak Effective % . | . . . . . . . . . . . Robots Rewired . | . . . . . . . . . . . Allies Hacked 1 | . . . . . . 1 . . . . Hacks Repelled . | . . . . . . . . . . . Allies | -11 -10 -10 -9 -8 -7 -7 -7 -7 -5 -5 -------- Run | Yrd Mat Min Mat Mat Fac Sto Rec Scr Fac Ext Total Allies 11 | . . . . . . 10 . . . 1 Largest Group 10 | . . . . . . 10 7 7 6 1 Highest-Rated Group 173 | . . . . . . 173 125 125 96 39 Highest-Rated Ally 39 | . . . . . . 29 29 29 16 39 Total Orders 6 | . . . . . . 2 . . 4 . EXPLORE 6 | . . . . . . 2 . . 4 . Ally Attacks 99 | . . . . . . 61 24 . 7 7 Total Damage 1318 | . . . . . . 879 282 . 69 88 Kills 11 | . . . . . . 9 2 . . . Allies Corrupted . | . . . . . . . . . . . Allies Melted . | . . . . . . . . . . . Intel | -11 -10 -10 -9 -8 -7 -7 -7 -7 -5 -5 ------- Run | Yrd Mat Min Mat Mat Fac Sto Rec Scr Fac Ext Robot Analysis Total 5 | . . . . . . . . 5 . . Derelict Logs Recovered 1 | . . 1 . . . . . . . . Drone Launches 6 | . . . . . . 2 . . 4 . Drone Recoveries 1 | . . . . . . . . . 1 . Exploration | -11 -10 -10 -9 -8 -7 -7 -7 -7 -5 -5 ------------- Run | Yrd Mat Min Mat Mat Fac Sto Rec Scr Fac Ext Turns Passed 12819 | 111 152 122 752 1687 1971 2350 885 2347 2088 354 Spaces Moved 6421 | 58 121 93 355 712 1009 847 537 1555 911 223 Core 79 | 1 . . . . . . . 1 . 77 Treads . | . . . . . . . . . . . Legs 1 | . . . . . . 1 . . . . Wheels 6341 | 57 121 93 355 712 1009 846 537 1554 911 146 Hover . | . . . . . . . . . . . Flight . | . . . . . . . . . . . Fastest Speed 50 | 50 100 130 130 130 135 145 160 145 140 50 Average Speed 146 | 99 109 130 133 140 144 153 160 149 156 111 Slowest Speed 1900 | 100 130 130 175 180 190 470 160 1900 165 210 Overloaded Moves . | . . . . . . . . . . . Propulsion Burnouts . | . . . . . . . . . . . Robots Hopped . | . . . . . . . . . . . Cave-ins Triggered . | . . . . . . . . . . . Exploration Rate (%) 44 | 3 26 36 23 53 21 92 84 93 18 42 Regions Visited 10 Branch Regions 5 Pre-discovered Areas . | . . . . . . . . . . . Known Exits Taken 6 | . . . . 1 1 1 1 1 1 . Unknown Exits Taken 4 | 1 1 1 1 . . . . . . . Scrap Searched 9 | . . 1 . . . . . 8 . . Spaces Dug 74 | . . . . . . . . . 72 2 Terrain Destroyed 91 | . . . . . 1 3 1 . 84 2 Melee 11 | . . . . . . . . . 9 2 Projectile 80 | . . . . . 1 3 1 . 75 . AOE . | . . . . . . . . . . . Terrain Rammed . | . . . . . . . . . . . Walls Destroyed . | . . . . . . . . . . . Machines Disabled . | . . . . . . . . . . . Actions | -11 -10 -10 -9 -8 -7 -7 -7 -7 -5 -5 --------- Run | Yrd Mat Min Mat Mat Fac Sto Rec Scr Fac Ext Total 8967 | 86 133 94 515 1098 1434 1769 556 1581 1394 307 Wait 1557 | . . . 52 133 297 769 15 . 288 3 Move 6411 | 57 120 92 354 711 1008 846 536 1554 910 223 Hop . | . . . . . . . . . . . Pick Up 85 | 8 2 2 7 23 19 12 . 1 6 5 Fast Attach 63 | 7 . . 9 19 4 6 1 7 8 2 Attach 46 | . . . 4 15 3 4 . . 13 7 Detach 35 | . . . 6 11 3 . . 2 6 7 Swap 74 | 1 3 . 8 5 17 24 1 6 9 . Drop 90 | 1 4 . 9 17 21 18 . 11 6 3 Fire 473 | 12 4 . 66 164 62 81 3 . 81 . Melee 86 | . . . . . . . . . 67 19 Ram . | . . . . . . . . . . . Kick . | . . . . . . . . . . . Crush . | . . . . . . . . . . . Escape Stasis 40 | . . . . . . 8 . . . 32 Rewire 7 | . . . . . . 1 . . . 6 Trap . | . . . . . . . . . . . Miscellaneous . | . . . . . . . . . . . Route ------- -11/Scrapyard -10/Materials -10/Mines -9/Materials -8/Materials (discovered 3 exits: *Fac x3) -7/Factory -7/Storage (discovered 2 exits: [*Fac] / *Rec) -7/Recycling (discovered 2 exits: *Fac / *Scr) -7/Scraptown (discovered 2 exits: *Fac x2) -5/Factory (discovered 6 exits: Fac x3 / Upp / *Ext x2) -5/Extension History --------- Turn | Location | Event 11 | -11/Scrapyard | Discovered new exit (range 15) 112 | -11/Scrapyard | Entered Materials 211 | -10/Materials | Discovered new exit (range 8) 264 | -10/Materials | Entered Mines 293 | -10/Mines | YI-UF0 nonchalantly dropped a Grenade Launcher on the ground 304 | -10/Mines | Build established: Mutant 317 | -10/Mines | Assembled infested the area 357 | -10/Mines | Learned Materials emergency access door positions 374 | -10/Mines | Discovered new exit (range 13) 386 | -10/Mines | Entered Materials 386 | -9/Materials | Evolved 2 slots: Utility x2 939 | -9/Materials | Lost 4 parts (2n1u1w) 1134 | -9/Materials | Discovered new exit (range 4) 1138 | -9/Materials | Entered another Materials area 1138 | -8/Materials | Evolved 2 slots: Utility x2 1211 | -8/Materials | Build established: Scavenger-Mutant 1737 | -8/Materials | Core integrity fell below 50% 1786 | -8/Materials | Lost 11 parts (2p2n5u2w) 2538 | -8/Materials | Lost 3 parts (1n2u) 2666 | -8/Materials | Core integrity fell below 20% 2744 | -8/Materials | Identified exit to Factory 2825 | -8/Materials | Entered Factory 2825 | -7/Factory | Evolved 2 slots: Utility x2 3428 | -7/Factory | Build established: Mutant 3999 | -7/Factory | Discovered new exit (range 15) 4751 | -7/Factory | Identified exit to Storage 4796 | -7/Factory | Entered Storage 5506 | -7/Storage | Repaired Arm. Wheel 6319 | -7/Storage | Assisted by bots powering up and referring to "LRC-V3" 6450 | -7/Storage | Discovered new exit (range 10) 6602 | -7/Storage | Build established: Commander-Mutant 6671 | -7/Storage | Learned Extension stockpile data 6880 | -7/Storage | Used back door to open Recycling access 6880 | -7/Storage | Discovered new exit (range 5) 6886 | -7/Storage | Identified exit to Recycling 6924 | -7/Storage | Learned 2 Proximity Caves zone layouts 6978 | -7/Storage | Learned Hub_04(d) interactive machine intel 7021 | -7/Storage | Learned location of 3 exits from Factory 7136 | -7/Storage | Learned location of 3 exits from Factory 7146 | -7/Storage | Entered Recycling 7146 | -7/Recycling | Accompanied by 7 allies 7147 | -7/Recycling | Identified exit to Factory 7982 | -7/Recycling | Scanned before Scraplab entrance 8004 | -7/Recycling | Entered Scraplab 8017 | -7/Recycling | Discovered new exit (range 3) 8019 | -7/Recycling | Identified exit to Scraptown 8031 | -7/Recycling | Entered Scraptown 8031 | -7/Scraptown | Accompanied by 7 allies 8031 | -7/Scraptown | System corruption cleaned by C-Scrubber 8537 | -7/Scraptown | Visited Bundlers 8661 | -7/Scraptown | Visited IN-MT5's Study 8776 | -7/Scraptown | Visited Fellowship of the Rings 8790 | -7/Scraptown | Visited Cave Peace 9070 | -7/Scraptown | Visited UFD Registry 9070 | -7/Scraptown | Registered with UFD as "Spikesourcer" 9089 | -7/Scraptown | Visited The Evicted 9122 | -7/Scraptown | Visited Awakened 9170 | -7/Scraptown | Visited Red Mages 9255 | -7/Scraptown | Visited Analyses Database 9287 | -7/Scraptown | Visited Science Testing Area 9312 | -7/Scraptown | Visited Scrapoid Research Area 9531 | -7/Scraptown | Visited Scrap Suit Storage 9556 | -7/Scraptown | Visited Curators Association 9685 | -7/Scraptown | Visited Derelict Rescue Squad 9724 | -7/Scraptown | Visited Botcube Research 9756 | -7/Scraptown | Visited Scrapoid Pod Storage 9764 | -7/Scraptown | Found Scrapoid Pod 9798 | -7/Scraptown | Visited Sword Containment 9851 | -7/Scraptown | Visited Cartography Club 10237 | -7/Scraptown | Found Scrap Suit 10243 | -7/Scraptown | Found Scrap Suit 10370 | -7/Scraptown | Discovered exit to Factory (range 5) 10378 | -7/Scraptown | Entered Factory 10378 | -5/Factory | Accompanied by 6 allies 10378 | -5/Factory | Evolved 4 slots: Utility x4 10379 | -5/Factory | Identified exit to Factory 10379 | -5/Factory | Identified exit to Upper Caves 10379 | -5/Factory | Identified exit to Extension 10426 | -5/Factory | Identified exit to DSF 10785 | -5/Factory | Build established: Commander-Assassin 10969 | -5/Factory | Lost 3 allies 11226 | -5/Factory | Build established: Hacker-Assassin 11842 | -5/Factory | Build established: Hacker-Mutant 12031 | -5/Factory | System corruption reached 10% 12296 | -5/Factory | Lost 5 parts (1n4u) 12466 | -5/Factory | Entered Extension 12565 | -5/Extension | Rescued a captive Derelict 12577 | -5/Extension | Build established: Hacker-Assassin 12672 | -5/Extension | Lost 3 parts (1n2u) 12792 | -5/Extension | Core integrity fell below 50% 12810 | -5/Extension | Spotted B-75 Beast 12815 | -5/Extension | Spotted B-75 Beast 12818 | -5/Extension | Core integrity fell below 20% 12820 | -5/Extension | Destroyed by B-75 Beast with Heavy Machine Gun Last Messages --------------- 12778_ Dropped Broken Arm. Huge Wheel. 12778_ Penetrated by Slug. Companion Sword: "Fine, just brush me aside like I'm nothing, see where that gets you." 12780_ U-05 Engineer lays Concrete. 12780_ Acquired Com. Wheel. 12782_ Imp. Heat Sink destroyed. 12785_ Hacking Suite destroyed. 12792_ Slug penetrates S-27 Virus. 12792_ S-27 Virus destroyed. 12802_ System corrupted: Energy discharge (-37). 12804_ Penetrated by Slug. 12805_ Triggered Alarm Trap. 12805_ An alarm sounds. 12805_ ALERT: Alarm triggered, dispatching investigation squad. 12813_ Hacking Suite destroyed. 12817_ MKRU GH3GZCBJU EC61QWWXDRL%%VJ&1% 12817_ Machine disabled. 12818_ U-05 Engineer builds a Wall. 12820_ Knocked back. Map ----- +----------------------------------------------------+ | ??????#/ [ # #??????????????????????????????? | | ??????# # #??????????????????????????????? | | ??????# ?# #??????????????????????????????? | | ??????##+###?# #??????????????????????????????? | | ???????# ##### #??????????????????????????????? | | ???????# #??????????????????????????????? | | ???????# #??????????????????????????????? | | ???????# #??????????????????????????????? | | ???????# #??????????????????????????????? | | ???????# ######## #??????????????????????????????? | | ???????#????????# #??????????????????????????????? | | ???????#+#####??# #??????????????????????????????? | | ???????# # #??????????????????????????????? | | ???????#] + #??????????????????????????????? | | ???????# ![ # #??????????????????????????????? | | ???????# ??#%#??????????????????????????????? | | ???????#####????# #??????????#???????????????????? | | ????????????????# #????????? #???????????????????? | | ????????????????#%#?######?? #???????????????????? | | ??????????????### ### ## ### ###?????????????????? | | ??????????????#"" "" Y "" ""#?????????????????? | | ?????????????## Y " " #?????????????????? | | ?????????????## R #?????????????????? | | ?????????????##u #?????????????????? | | ??????######### % ##########????????? | | ? % @ ??? | | ??? | | ? u ??? | | ? ???? | | ? R u R k C R ???? | | ?############## BB BB ##############????? | | ??????????????# BB BB #?????????????????? | | ??????????????# #?????????????????? | | ??????????????# #?????????????????? | | ??????????????# #?????????????????? | | ??????????????######T#"""#######?????????????????? | | ???????????????????##????????????????????????????? | | ?????????????????????????????????????????????????? | | | | | | | | | | | | | | | | | | | | | | | | | +----------------------------------------------------+ Best States ------------- Heat Dissipation 67 Energy Generation 18 Energy Capacity 310 Matter Stores 300 Matter Capacity 300 Sight Range 22 Robot Scan Range 15 Terrain Scan Range 16 Terrain Scan Density 10 Jamming Range 12 Armor Coverage 450 Propulsion Shielding 66 Weapon Shielding 66 Weapon Cycling 15 Evasion (%) 50 Offensive Hacking 20 Defensive Hacking 10 Item Schematics ----------------- None Robot Schematics ------------------ None Fabricated ------------ Nothing Alien Tech Used ----------------- None Achievements -------------- None Challenges ------------ None Game ------ Seed CoreAntimatterShearcannon Manual? 0 Play Time 02:52:04 Cumulative 62.3 hours Start 2024.11.08 @ 11:30:38 End 2024.11.18 @ 22:40:17 Sessions 13 Manual Loads 0 Difficulty Rogue Special Mode None Game No. 37 Rogue 33 Adventurer 2 Explorer 2 Win Type - Total 0 Types 0/0/0/0/0/0/0/0/0 Lore% 41 Gallery% 42 Achievement% 35 Wizard Run 0 Options --------- Layout 0 ASCII 0 Keyboard 1 Movement Arrows Keybinds 0 Fullscreen 2 Font 18/Terminus Map View 76x50 Zoom Use 0% Tactical HUD 1 Map Filters NONE Filters NONE Steam 1 RUN: 6a03a7d9-3ca2-4843-b25f-adcad11efce0